TOP OF THE 1ST |
Fresno HS Red Wings batting - Pitching for Coweta HS Tigers : RHP Bart Hughes
|
Pitching: RHP Bart Hughes
|
|
Batting: RHB Vicente Torres
|
0-0: Ball 1-0: Ball 2-0: Called Strike 2-1: Swinging Strike 2-2: Foul Ball, location: 2F 2-2: DOUBLE (Flyball, 89XD)
|
Batting: RHB Mike Peterson
|
0-0: Ball 1-0: Ball 2-0: Called Strike 2-1: Foul Ball, location: 2F 2-2: Foul Ball, location: 2F 2-2: Foul Ball, location: 2F 2-2: Strikes out swinging
|
Batting: RHB Thomas English
|
0-0: Called Strike 0-1: Fly out, F3 (Popup, 34S)
|
Batting: SHB Xavier Stout
|
0-0: Called Strike 0-1: Ball 1-1: Swinging Strike 1-2: Ball 2-2: Foul Ball, location: 2F 2-2: Strikes out looking
|
Top of the 1st over - 0 runs, 1 hit, 0 errors, 1 left on base; Fresno HS 0 - Coweta HS 0 |
BOTTOM OF THE 1ST |
Coweta HS Tigers batting - Pitching for Fresno HS Red Wings : RHP Dustin Hensley
|
Pitching: RHP Dustin Hensley
|
|
Batting: LHB Clarence Sargent
|
0-0: Called Strike 0-1: Ball 1-1: Foul Ball, location: 2F 1-2: Strikes out swinging
|
Batting: LHB Matt Taylor
|
0-0: Called Strike 0-1: Called Strike 0-2: Strikes out swinging, 2-3 out at first.
|
Batting: RHB Javier Escalante
|
0-0: Swinging Strike 0-1: Ball 1-1: Foul Ball, location: 2F 1-2: Ball 2-2: Foul Ball, location: 2F 2-2: Ball 3-2: Fly out, F8 (Flyball, 8LM)
|
Bottom of the 1st over - 0 runs, 0 hits, 0 errors, 0 left on base; Fresno HS 0 - Coweta HS 0 |
TOP OF THE 2ND |
Fresno HS Red Wings batting - Pitching for Coweta HS Tigers : RHP Bart Hughes
|
Batting: RHB Bob Howard
|
0-0: Ball 1-0: Ball 2-0: Fly out, F4 (Line Drive, 4)
|
Batting: RHB José Cómpoz
|
0-0: Ball 1-0: Ball 2-0: Ball 3-0: Called Strike 3-1: Foul Ball, location: 2F 3-2: Foul Ball, location: 2F 3-2: Ground out 4-3 (Groundball, 4)
|
Batting: RHB Chris Myers
|
0-0: SINGLE (Line Drive, 6D)
|
Batting: RHB Bill Walters
|
0-0: Ball 1-0: Foul Ball, location: 2F 1-1: Ground out 5-3 (Groundball, 56S)
|
Top of the 2nd over - 0 runs, 1 hit, 0 errors, 1 left on base; Fresno HS 0 - Coweta HS 0 |
BOTTOM OF THE 2ND |
Coweta HS Tigers batting - Pitching for Fresno HS Red Wings : RHP Dustin Hensley
|
Batting: RHB Jeff Cutright
|
0-0: Called Strike 0-1: Swinging Strike 0-2: Strikes out swinging
|
Batting: LHB Edward Cook
|
0-0: Ball 1-0: Ground out 4-3 (Groundball, 34)
|
Batting: RHB José Avilés
|
0-0: Ball 1-0: Ball 2-0: Called Strike 2-1: Ball 3-1: Foul Ball, location: 2F 3-2: Foul Ball, location: 2F 3-2: Base on Balls
|
Batting: LHB Carlos Aponte
|
0-0: DOUBLE (Groundball, 3L) José Avilés to third
|
Batting: RHB Kevin Harrington
|
0-0: Ball 1-0: Ball 2-0: Called Strike 2-1: Ball 3-1: Foul Ball, location: 2F 3-2: Ground out 4-3 (Groundball, 4S)
|
Bottom of the 2nd over - 0 runs, 1 hit, 0 errors, 2 left on base; Fresno HS 0 - Coweta HS 0 |
TOP OF THE 3RD |
Fresno HS Red Wings batting - Pitching for Coweta HS Tigers : RHP Bart Hughes
|
Batting: RHB Luis Mata
|
0-0: Called Strike 0-1: Foul Ball, location: 2F 0-2: Strikes out swinging
|
Batting: RHB Vicente Torres
|
0-0: Swinging Strike 0-1: Foul Ball, location: 2F 0-2: Ball 1-2: Strikes out swinging
|
Batting: RHB Mike Peterson
|
0-0: SINGLE (Flyball, 9LM)
|
Batting: RHB Thomas English
|
0-0: Ball 1-0: Foul Ball, location: 2F 1-1: Swinging Strike 1-2: Ball 2-2: SINGLE (Flyball, 9LS) Mike Peterson to second Runner from 2nd tries for 3rd, SAFE, no throw
|
Batting: SHB Xavier Stout
|
0-0: Fly out, F5 (Popup, 56S)
|
Top of the 3rd over - 0 runs, 2 hits, 0 errors, 2 left on base; Fresno HS 0 - Coweta HS 0 |
BOTTOM OF THE 3RD |
Coweta HS Tigers batting - Pitching for Fresno HS Red Wings : RHP Dustin Hensley
|
Batting: SHB Mike Bryant
|
0-0: Fly out, F8 (Line Drive, 8LM)
|
Batting: LHB Clarence Sargent
|
0-0: Ball 1-0: Called Strike 1-1: Ball 2-1: Foul Ball, location: 2F 2-2: Ball 3-2: Fly out, F8 (Flyball, 78D)
|
Batting: LHB Matt Taylor
|
0-0: Called Strike 0-1: Ball 1-1: Fly out, F8 (Flyball, 8LD)
|
Bottom of the 3rd over - 0 runs, 0 hits, 0 errors, 0 left on base; Fresno HS 0 - Coweta HS 0 |
TOP OF THE 4TH |
Fresno HS Red Wings batting - Pitching for Coweta HS Tigers : RHP Bart Hughes
|
Batting: RHB Bob Howard
|
0-0: Called Strike 0-1: Swinging Strike 0-2: Strikes out looking
|
Batting: RHB José Cómpoz
|
0-0: Swinging Strike 0-1: Ground out 5-3 (Groundball, 56S)
|
Batting: RHB Chris Myers
|
0-0: Called Strike 0-1: Called Strike 0-2: Strikes out swinging
|
Top of the 4th over - 0 runs, 0 hits, 0 errors, 0 left on base; Fresno HS 0 - Coweta HS 0 |
BOTTOM OF THE 4TH |
Coweta HS Tigers batting - Pitching for Fresno HS Red Wings : RHP Dustin Hensley
|
Batting: RHB Javier Escalante
|
0-0: Called Strike 0-1: Ball 1-1: Ball 2-1: SINGLE (Groundball, 4MD)
|
Batting: RHB Jeff Cutright
|
0-0: Ball 1-0: Ball 2-0: Called Strike 2-1: Fly out, F8 (Flyball, 8LS)
|
Batting: LHB Edward Cook
|
0-0: Foul Ball, location: 2F 0-1: Ball 1-1: Foul Ball, location: 2F 1-2: Ground out 4-3 (Groundball, 4S) Javier Escalante to second
|
Batting: RHB José Avilés
|
0-0: Ball 1-0: Ground out 6-3 (Groundball, 6)
|
Bottom of the 4th over - 0 runs, 1 hit, 0 errors, 1 left on base; Fresno HS 0 - Coweta HS 0 |
TOP OF THE 5TH |
Fresno HS Red Wings batting - Pitching for Coweta HS Tigers : RHP Bart Hughes
|
Batting: RHB Bill Walters
|
0-0: Ground out 4-3 (Groundball, 4)
|
Batting: RHB Luis Mata
|
0-0: Called Strike 0-1: Ground out 1-3 (Groundball, 13)
|
Batting: RHB Vicente Torres
|
0-0: Ball 1-0: Foul Ball, location: 2F 1-1: Ball 2-1: Foul Ball, location: 2F 2-2: Foul Ball, location: 2F 2-2: Foul Ball, location: 2F 2-2: Single, Error in OF, E8, batter to second base
|
Batting: RHB Mike Peterson
|
0-0: Ground out 6-3 (Groundball, 6M)
|
Top of the 5th over - 0 runs, 1 hit, 1 error, 1 left on base; Fresno HS 0 - Coweta HS 0 |
BOTTOM OF THE 5TH |
Coweta HS Tigers batting - Pitching for Fresno HS Red Wings : RHP Dustin Hensley
|
Batting: LHB Carlos Aponte
|
0-0: Ball 1-0: Foul Ball, location: 2F 1-1: Called Strike 1-2: Fly out, F9 (Line Drive, 9LM)
|
Batting: RHB Kevin Harrington
|
0-0: Ball 1-0: Called Strike 1-1: Ball 2-1: Ball 3-1: Fly out, F9 (Line Drive, 9LM)
|
Batting: SHB Mike Bryant
|
0-0: Called Strike 0-1: SOLO HOME RUN (Flyball, 9D), Distance : 396 ft
|
Batting: LHB Clarence Sargent
|
0-0: Called Strike 0-1: Ball 1-1: Ball 2-1: Foul Ball, location: 2F 2-2: Fly out, F7 (Line Drive, 78D)
|
Bottom of the 5th over - 1 run, 1 hit, 0 errors, 0 left on base; Fresno HS 0 - Coweta HS 1 |
TOP OF THE 6TH |
Fresno HS Red Wings batting - Pitching for Coweta HS Tigers : RHP Bart Hughes
|
Batting: RHB Thomas English
|
0-0: Foul Ball, location: 2F 0-1: Ball 1-1: Ball 2-1: Called Strike 2-2: DOUBLE (Line Drive, 7LM)
|
Batting: SHB Xavier Stout
|
0-0: SINGLE (Groundball, 2R) (infield hit) Thomas English to third
|
Batting: RHB Bob Howard
|
0-0: Called Strike 0-1: Ball 1-1: SINGLE (Line Drive, 6MD) Thomas English scores Xavier Stout to second
|
Batting: RHB José Cómpoz
|
0-0: Called Strike 0-1: Ball 1-1: Swinging Strike 1-2: Strikes out looking
|
Pitching: RHP Corey Wyatt
|
|
Batting: RHB Chris Myers
|
0-0: Foul Ball, location: 2F 0-1: Grounds into double play, 5-4-3 (Groundball, 56)
|
Top of the 6th over - 1 run, 3 hits, 0 errors, 1 left on base; Fresno HS 1 - Coweta HS 1 |
BOTTOM OF THE 6TH |
Coweta HS Tigers batting - Pitching for Fresno HS Red Wings : RHP Dustin Hensley
|
Batting: LHB Matt Taylor
|
0-0: Ball 1-0: Fly out, F9 (Flyball, 9D)
|
Batting: RHB Javier Escalante
|
0-0: Ball 1-0: Called Strike 1-1: Called Strike 1-2: SINGLE (Groundball, 6MD)
|
Batting: RHB Jeff Cutright
|
0-0: Fielders Choice at 2nd, 4-6 (Groundball, 4)
|
Pitching: RHP Vic Burton
|
|
Batting: LHB Edward Cook
|
0-0: Foul Ball, location: 2F 0-1: Ball 1-1: Ball 2-1: Ball 3-1: Base on Balls Jeff Cutright to second
|
Batting: RHB José Avilés
|
0-0: Swinging Strike 0-1: Called Strike 0-2: Ball 1-2: Ball 2-2: Strikes out looking
|
Bottom of the 6th over - 0 runs, 1 hit, 0 errors, 2 left on base; Fresno HS 1 - Coweta HS 1 |
TOP OF THE 7TH |
Fresno HS Red Wings batting - Pitching for Coweta HS Tigers : RHP Corey Wyatt
|
Batting: RHB Bill Walters
|
0-0: Ball 1-0: Called Strike 1-1: Foul Ball, location: 2F 1-2: Ball 2-2: SINGLE (Line Drive, 89S)
|
Batting: RHB Luis Mata
|
0-0: Bunted foul 0-1: Sac Bunt - play at first, batter OUT! 5-4 Bill Walters to second
|
Batting: RHB Vicente Torres
|
0-0: Intentional Walk
|
Batting: RHB Mike Peterson
|
0-0: Called Strike 0-1: Fly out, F3 (Popup, 3L)
|
Batting: RHB Thomas English
|
0-0: Ball 1-0: Ball 2-0: Ball 3-0: Called Strike 3-1: SINGLE (Groundball, 34D) Bill Walters to third Vicente Torres to second Runner from 3rd tries for Home, SAFE, throw made home
|
Batting: SHB Xavier Stout
|
0-0: Foul Ball, location: 2F 0-1: Called Strike 0-2: Ground out 5-3 (Groundball, 56S)
|
Top of the 7th over - 1 run, 2 hits, 0 errors, 2 left on base; Fresno HS 2 - Coweta HS 1 |
BOTTOM OF THE 7TH |
Coweta HS Tigers batting - Pitching for Fresno HS Red Wings : RHP Vic Burton
|
Pitching: LHP Augusto Morgado
|
|
Batting: LHB Carlos Aponte
|
0-0: Fly out, F9 (Flyball, 9)
|
Pitching: RHP Ronald Simmons
|
|
Batting: RHB Kevin Harrington
|
0-0: Called Strike 0-1: Called Strike 0-2: Foul Ball, location: 2F 0-2: Fly out, F8 (Flyball, 78M)
|
Batting: SHB Mike Bryant
|
0-0: Ground out U3 (Groundball, 34)
|
Bottom of the 7th over - 0 runs, 0 hits, 0 errors, 0 left on base; Fresno HS 2 - Coweta HS 1 |
TOP OF THE 8TH |
Fresno HS Red Wings batting - Pitching for Coweta HS Tigers : RHP Corey Wyatt
|
Batting: RHB Bob Howard
|
0-0: Called Strike 0-1: Foul Ball, location: 2F 0-2: Ball 1-2: Foul Ball, location: 2F 1-2: Strikes out swinging
|
Batting: RHB José Cómpoz
|
0-0: Ground out 6-3 (Groundball, 6)
|
Batting: RHB Chris Myers
|
0-0: SINGLE (Flyball, 9)
|
Batting: RHB Bill Walters
|
0-0: Ball 1-0: Ball 2-0: Swinging Strike 2-1: Ball 3-1: Base on Balls Chris Myers to second
|
Batting: RHB Luis Mata
|
0-0: Swinging Strike 0-1: Swinging Strike 0-2: Ball 1-2: Strikes out swinging
|
Top of the 8th over - 0 runs, 1 hit, 0 errors, 2 left on base; Fresno HS 2 - Coweta HS 1 |
BOTTOM OF THE 8TH |
Coweta HS Tigers batting - Pitching for Fresno HS Red Wings : RHP Ronald Simmons
|
Batting: LHB Clarence Sargent
|
0-0: Foul Ball, location: 2F 0-1: Ball 1-1: Ground out 6-3 (Groundball, 6)
|
Batting: LHB Matt Taylor
|
0-0: Ball 1-0: Ball 2-0: Foul Ball, location: 2F 2-1: Ball 3-1: SINGLE (Groundball, 56D)
|
Pitching: RHP Derek Dundee
|
|
Batting: RHB Javier Escalante
|
0-0: Ball 1-0: Called Strike 1-1: Ball 2-1: Ball 3-1: Base on Balls Matt Taylor to second
|
Batting: RHB Jeff Cutright
|
0-0: Ball 1-0: Ball 2-0: Fly out, F9 (Flyball, 9)
|
Batting: LHB Edward Cook
|
0-0: Ball 1-0: Ball 2-0: Called Strike 2-1: Foul Ball, location: 2F 2-2: Ball 3-2: Base on Balls Matt Taylor to third Javier Escalante to second
|
Batting: RHB José Avilés
|
0-0: Foul Ball, location: 2F 0-1: Fly out, F5 (Popup, 5SF)
|
Bottom of the 8th over - 0 runs, 1 hit, 0 errors, 3 left on base; Fresno HS 2 - Coweta HS 1 |
TOP OF THE 9TH |
Fresno HS Red Wings batting - Pitching for Coweta HS Tigers : RHP Corey Wyatt
|
Batting: RHB Vicente Torres
|
0-0: Ball 1-0: Called Strike 1-1: Ball 2-1: Ball 3-1: Base on Balls
|
Batting: RHB Mike Peterson
|
0-0: Ball 1-0: Sac Bunt - play at first, batter safe! Vicente Torres to second
|
Batting: RHB Thomas English
|
0-0: Called Strike 0-1: Ball 1-1: Ball 2-1: Called Strike 2-2: Ball 3-2: Base on Balls Vicente Torres to third Mike Peterson to second
|
Batting: SHB Xavier Stout
|
0-0: Ball 1-0: Ball 2-0: Foul Ball, location: 2F 2-1: Grounds into double play, 4-2-3 (Groundball, 4) Mike Peterson to third Thomas English to second
|
Batting: RHB Bob Howard
|
0-0: Ball 1-0: Foul Ball, location: 2F 1-1: Foul Ball, location: 2F 1-2: Ball 2-2: Fly out, F9 (Flyball, 9)
|
Top of the 9th over - 0 runs, 1 hit, 0 errors, 2 left on base; Fresno HS 2 - Coweta HS 1 |
BOTTOM OF THE 9TH |
Coweta HS Tigers batting - Pitching for Fresno HS Red Wings : RHP Juan Morales
|
Pitching: RHP Juan Morales
|
|
Batting: LHB Carlos Aponte
|
0-0: Ball 1-0: Foul Ball, location: 2F 1-1: SINGLE (Popup, 3D)
|
Batting: RHB Kevin Harrington
|
0-0: Called Strike 0-1: Ball 1-1: Bunt missed! 1-2: Ball Wild Pitch! Carlos Aponte to second 2-2: Ball 3-2: 2-RUN HOME RUN (Flyball, 78XD), Distance : 433 ft
|
Saturday, April 7th, 2018 - OOTP Baseball 18.8 Build 76
|
|